AoeStats
← Barón de la Cerveza

Arabia

504337687Analyzed
1v1 RM · 29d ago on Sep 4, 2026· 31m 52s· 2 players
Game mode
Random Map
Map size
Tiny (2 player)
Population
200
Speed
Normal
Resources
Standard
Victory
Conquest
Starting age
Dark Age
Ending age
Imperial Age
RankedLock teamsTeams togetherTeam positionsShared explorationLock speedFull tech treeHidden civsTurbo modeCheats
Victory
Defeat
🇲🇽 Gurjaras · Mexico
1741
+14
🇦🇷 Burgundians · Argentina
1687
-14
AAOE | Uni
6:29 Loom
8:54 Feudal Age
7:24 Double-Bit Axe
9:47 Horse Collar
22:43 Castle Age
21:39 Scale Barding Armor
23:16 Forging
22:46 Cavalier
24:29 Bow Saw
25:18 Iron Casting
31:33 Chain Barding Armor
Barón de la Cerveza
6:02 Loom
8:43 Feudal Age
10:07 Double-Bit Axe
17:58 Fletching
17:53 Horse Collar
22:51 Castle Age
21:24 Forging
22:39 Scale Barding Armor
23:57 Chain Barding Armor
23:45 Thumb Ring
23:47 Bodkin Arrow
23:14 Crossbowman
25:27 Bow Saw
31:35 Wheelbarrow
Connection lost

Rejoining the realm…

Still unreachable

The connection could not be restored.

Session expired

The server has moved on; the page needs a fresh start.